 Dungeon Crawl Stone Soup version 0.24-a0-420-g24607be9ce (webtiles) character file.

Game seed: 2877711505192958457

242 KristoblXynda the Sneak (level 6, 0/52 HPs)
             Began as a Naga Gladiator on June 11, 2019.
             Slain by an orc
             ... wielding a +0 short sword
              (2 damage)
             ... on level 4 of the Dungeon.
             The game lasted 00:07:00 (3383 turns).

KristoblXynda the Sneak (Naga Gladiator)            Turns: 3383, Time: 00:07:01

Health: 0/52       AC:  6    Str: 17    XL:     6   Next: 9%
Magic:  6/6        EV: 10    Int:  9    God:
Gold:   257        SH:  0    Dex: 13    Spells: 5/5 levels left

rFire    + . .     SeeInvis +   a - +0 long sword
rCold    + . .     Gourm    .   (no shield)
rNeg     + . .     Faith    .   k - +0 ring mail
rPois    +         Spirit   .   c - +0 helmet
rElec    .         Reflect  .   q - scarf {rC+ rF+}
rCorr    .         Harm     .   (no gloves)
MR       .....                  (no barding)
Stlth    ++........             h - amulet of the acrobat
HPRegen  0.17/turn              s - ring of positive energy
MPRegen  0.10/turn              (no ring)

@: hasted, quick
A: large, see invisible, deformed body, poison resistance, slowness 2, slow
metabolism 1, spit poison 1, AC +2
a: Spit Poison


You were on level 4 of the Dungeon.
You were not hungry.

You visited 1 branch of the dungeon, and saw 4 of its levels.

You collected 257 gold pieces.

Inventory:

Hand Weapons
 a - a +0 long sword (weapon)
Missiles
 d - 3 throwing nets (quivered)
Armour
 c - a +0 helmet (worn)
 k - a +0 ring mail (worn)
 q - a scarf of resistance (worn)
Jewellery
 e - an uncursed ring of ice
 h - an amulet of the acrobat (around neck)
 s - a ring of positive energy (left hand)
Scrolls
 j - 4 scrolls of remove curse
 m - a scroll of blinking {unknown}
 n - a scroll of immolation
Potions
 b - a potion of brilliance {unknown}
 g - a potion of agility {unknown}
 i - a potion of lignification {unknown}
 l - a potion of mutation
 p - a potion of might
Comestibles
 f - 7 rations


   Skills:
 - Level 2.0 Fighting
 + Level 4.3 Long Blades
 - Level 2.0 Throwing
 + Level 2.0 Armour
 - Level 3.0 Dodging
 + Level 4.7 Stealth


You had 5 spell levels left.
You didn't know any spells.
Your spell library was empty.

Dungeon Overview and Level Annotations

Branches:
Dungeon (4/15)
 Temple: D:4-7

Altars:
Gozag
Wu Jian
Xom


Innate Abilities, Weirdness & Mutations

You cannot wear boots.
Your serpentine skin is tough. (AC +2)
You have supernaturally acute eyesight. (SInv)
Armour fits poorly on your strangely shaped body.
Your system is resistant to poisons. (rPois)
You cover ground very slowly.
You have a slow metabolism.
You can spit poison.


Message History

The orc is moderately wounded.
The orc hits you but does no damage.
Things that are here:
a +0 dagger; a cursed +0 robe You hit the howler monkey.
The howler monkey is heavily wounded.
The howler monkey hits you but does no damage.
The orc completely misses you. The howler monkey hits you.
* * * LOW HITPOINT WARNING * * *
The orc hits you but does no damage.
Unknown command.
It was a potion of haste.
You feel yourself speed up.
You have got your breath back.
The jackal misses you.
You riposte.
You slash the jackal!
You kill the jackal!
The jackal barely misses you. The howler monkey barely misses you.
The orc hits you with a +0 short sword!
* * * LOW HITPOINT WARNING * * *
The orc hits you with a +0 short sword.
You die...

#.......# ##
##......# ###.#
##....## ###...##
##...# ##<.....#
##..####....[..##
##..#.........>#
##)...........##
#..h..........#
##.h@o........#
#.o..........#
##............#
#............#
##...........#
##..........#
#...........#
##..........#
##.........#


You could see a howler monkey, 2 orcs and a jackal.

Vanquished Creatures
  An ogre (D:3)
  An orc wizard (D:4)
  A gnoll (D:2)
  4 adders
  2 dart slugs (D:1)
  3 leopard geckos
  11 orcs
  12 bats
  3 giant cockroaches
  9 hobgoblins
  A jackal (D:4)
  6 kobolds
  3 ball pythons
  9 frilled lizards
  6 goblins
  4 rats
  A fungus (D:3)
77 creatures vanquished.

Vanquished Creatures (others)
  5 toadstools (D:3)
5 creatures vanquished.

Grand Total: 82 creatures vanquished

Notes
Turn   | Place    | Note
-------+----------+-------------------------------------------
     0 | D:1      | KristoblXynda the Naga Gladiator began the quest for the
                  | Orb.
     0 | D:1      | Reached XP level 1. HP: 19/19 MP: 1/1
    83 | D:1      | Reached XP level 2. HP: 8/26 MP: 2/2
   419 | D:1      | Reached skill level 1 in Stealth
   731 | D:1      | Reached XP level 3. HP: 28/32 MP: 3/3
  1227 | D:2      | Found an ornate altar of the Wu Jian Council.
  1382 | D:2      | Found an opulent altar of Gozag.
  1384 | D:2      | Found a shimmering altar of Xom.
  1480 | D:2      | Reached XP level 4. HP: 30/39 MP: 4/4
  2188 | D:2      | Reached skill level 1 in Armour
  2596 | D:3      | Noticed an ogre
  2605 | D:3      | Killed an ogre
  2605 | D:3      | Reached XP level 5. HP: 45/45 MP: 5/5
  3337 | D:4      | Noticed an ogre
  3380 | D:4      | Reached XP level 6. HP: 14/52 MP: 6/6
  3383 | D:4      | HP: 2/52 [orc/+0 short sword (7)]
  3383 | D:4      | Slain by an orc

Levels and vault maps discovered:
D:1:      dpeg_arrival_rhombi, layout_rooms
D:2:      layout_loops_ring, overflow_temple_1_default,
          chequers_temple_overflow_statue_of_worship, amethyst_killhole,
          st_stairs_9
D:3:      wander_river, layout_rooms, ebering_dispersal_statue_hall,
          minmay_gold_behind_fungi
D:4:      layout_cave_pods, small_statue_intersection

Skill      XL: |  1  2  3  4  5 |
---------------+----------------+-----
Stealth        | 1 2 4 |  4.7
Throwing       | 2 |  2.0
Dodging        | 3 |  3.0
Armour         | 1 2 |  2.0
Long Blades    | 4 |  4.3
Fighting       | |  2.0

Action                   |  1- 3 |  4- 6 || total
-------------------------+-------+-------++-------
Melee: Long sword        |    94 |   114 ||   208
Throw: Throwing net      |     1 |       ||     1
 Abil: Spit Poison       |    13 |    11 ||    24
  Use: Scroll            |     2 |     6 ||     8
       Potion            |       |     1 ||     1
 Stab: Sleeping          |     1 |     1 ||     2
  Eat: Chunk             |     1 |     6 ||     7
Armor: Leather armour    |    35 |    19 ||    54
       Ring mail         |       |    35 ||    35
Dodge: Dodged            |    73 |   119 ||   192
       Rpst.: Long sword |    21 |    31 ||    52

Table legend:
 A = Non-vault XP
 B = Vault XP
 C = Vault XP percentage of total XP
 D = Non-vault monster count
 E = Vault monster count
 F = Vault count percentage of total count
                 A         B        C        D         E       F
            +---------+---------+-------+---------+---------+-------
      Total |     331 |      15 |   4.3 |      74 |       2 |   2.6
            +---------+---------+-------+---------+---------+-------
        D:1 |      58 |       0 |   0.0 |      33 |       0 |   0.0
        D:2 |      84 |      15 |  15.2 |      27 |       2 |   6.9
        D:3 |     148 |       0 |   0.0 |      10 |       0 |   0.0
        D:4 |      41 |       0 |   0.0 |       4 |       0 |   0.0
            +---------+---------+-------+---------+---------+-------
